[Event "ICC tourney 2545 (5 3)"]
[Site "Internet Chess Club"]
[Date "2021.04.11"]
[Round "9"]
[White "jgse19811"]
[Black "iamGodskid"]
[Result "1/2-1/2"]
[ICCResult "White stalemated"]
[WhiteElo "1344"]
[BlackElo "1381"]
[Opening "Pirc: classical (two knights) system"]
[ECO "B07"]
[NIC "PU.10"]
[Time "17:31:09"]
[TimeControl "300+3"]

1. e4 d6 2. d4 g6 3. Nf3 Bg7 4. Nc3 Nf6 5. e5 dxe5 6. dxe5 Nfd7 7. Bc4 O-O
8. O-O Nxe5 9. Qxd8 Rxd8 10. Bf4 Nxc4 11. Bxc7 Rf8 12. Bxb8 Rxb8 13. Nd5
Nxb2 14. Nxe7+ Kh8 15. Rab1 Nc4 16. Nxc8 Rfxc8 17. Rb4 Nb6 18. Rc1 Nd5 19.
Re4 Nc3 20. Re7 Kg8 21. Nd2 Re8 22. Rce1 Rxe7 23. Rxe7 Nxa2 24. Nc4 Rd8 25.
h4 Bf6 26. Rxb7 Bxh4 27. Ne5 Rf8 28. Rxa7 Bf6 29. Nd7 Rd8 30. Nxf6+ Kg7 31.
Rxa2 Kxf6 32. Ra7 Rd1+ 33. Kh2 Rd2 34. c4 Rxf2 35. c5 Rc2 36. Rc7 Ke6 37.
Rc6+ Ke7 38. Rc7+ Ke8 39. c6 h5 40. Kh3 Kd8 41. Rd7+ Ke8 42. Rc7 Rc4 43. g3
f5 44. Rg7 Rxc6 45. Kh4 Kf8 46. Ra7 Rc4+ 47. Kh3 Rg4 48. Ra8+ Kf7 49. Ra7+
Kf6 50. Ra6+ Kg5 51. Ra3 h4 52. Rf3 hxg3 53. Kg2 f4 54. Ra3 Kh4 55. Rf3 g5
56. Ra3 Kh5 57. Rf3 Rh4 58. Kg1 Rh2 59. Kf1 Kg4 60. Ra3 g2+ 61. Kg1 Rh3 62.
Ra2 f3 63. Rf2 Kg3 64. Rxg2+ fxg2 {White stalemated} 1/2-1/2

[Event "ICC tourney 2545 (5 3)"]
[Site "Internet Chess Club"]
[Date "2021.04.11"]
[Round "9"]
[White "skbvidya"]
[Black "dashriprock"]
[Result "1-0"]
[ICCResult "Black resigns"]
[WhiteElo "1283"]
[BlackElo "1400"]
[Opening "French: advance, Paulsen attack"]
[ECO "C02"]
[NIC "FR.03"]
[Time "17:31:05"]
[TimeControl "300+3"]

1. e4 e6 2. d4 d5 3. e5 c5 4. c3 Nc6 5. Nf3 Qb6 6. Be2 Nh6 7. Na3 cxd4 8.
cxd4 Bxa3 9. bxa3 Nf5 10. Be3 Nxe3 11. fxe3 O-O 12. O-O Bd7 13. Qd3 a6 14.
Ng5 g6 15. Rf6 Na5 16. Bh5 Bb5 17. Qb1 Kg7 18. a4 Nc4 19. axb5 Nxe3 20. Qd3
Nf5 21. Bg4 Qxd4+ 22. Qxd4 Nxd4 23. bxa6 Rxa6 24. Raf1 h5 25. Bh3 Rxa2 26.
Bxe6 Ne2+ 27. Kh1 Kh6 28. Nxf7+ Kg7 29. Bxd5 b5 30. Bxa2 {Black resigns} 1-0

[Event "ICC tourney 2545 (5 3)"]
[Site "Internet Chess Club"]
[Date "2021.04.11"]
[Round "9"]
[White "rishik99"]
[Black "gmRohde"]
[Result "0-1"]
[ICCResult "White resigns"]
[WhiteElo "1404"]
[BlackElo "1920"]
[Opening "Sicilian: Alapin's variation (2.c3)"]
[ECO "B22"]
[NIC "SI.47"]
[Time "17:30:09"]
[TimeControl "300+3"]

1. e4 c5 2. c3 Nf6 3. e5 Nd5 4. d4 cxd4 5. cxd4 d6 6. exd6 e6 7. Nc3 Qxd6 8.
Nf3 Be7 9. Be2 O-O 10. O-O Nc6 11. Be3 b6 12. Qd2 Bb7 13. Rac1 Rac8 14. Ne4
Qb8 15. Rfd1 Nxe3 16. fxe3 Nb4 17. Nc3 Rfd8 18. Ne5 Bd6 19. Nb1 Rxc1 20.
Rxc1 Nxa2 21. Nc6 Bxc6 22. Rxc6 Nb4 23. Rc4 Bxh2+ 24. Kh1 a5 25. Nc3 Qg3 26.
Bf1 Qh4 27. d5 Bf4+ 28. Kg1 Qh2+ 29. Kf2 Bg3+ 30. Kf3 exd5 31. Rg4 Be5 32.
Kf2 h5 33. Re4 Bg3+ 34. Ke2 Qg1 35. Rd4 Qf2+ 36. Kd1 Qxf1+ {White resigns}
0-1

[Event "ICC tourney 2545 (5 3)"]
[Site "Internet Chess Club"]
[Date "2021.04.11"]
[Round "9"]
[White "hansup"]
[Black "LeftHand"]
[Result "1-0"]
[ICCResult "Black resigns"]
[WhiteElo "1564"]
[BlackElo "1192"]
[Opening "Queen's pawn game"]
[ECO "A45"]
[NIC "QP.07"]
[Time "17:31:19"]
[TimeControl "300+3"]

1. d4 Nf6 2. Nc3 e6 3. Bf4 d5 4. Nb5 Bd6 5. Nxd6+ cxd6 6. e3 a6 7. Bd3 Nc6
8. a3 e5 9. dxe5 dxe5 10. Bg5 Qd6 11. Bc4 b5 12. Bxf6 bxc4 13. Bh4 O-O 14.
Ne2 Bg4 15. f3 Be6 16. O-O Rab8 17. Rb1 Bf5 18. e4 Be6 19. exd5 Qxd5 20. Nc3
Qxd1 21. Rfxd1 Nd4 22. Re1 Nxc2 23. Rxe5 Nxa3 24. bxa3 Rxb1+ 25. Nxb1 Rb8
26. Re1 {Black resigns} 1-0

[Event "ICC tourney 2545 (5 3)"]
[Site "Internet Chess Club"]
[Date "2021.04.11"]
[Round "9"]
[White "PeterOsgood"]
[Black "ser71itmex"]
[Result "0-1"]
[ICCResult "White resigns"]
[WhiteElo "1830"]
[BlackElo "1622"]
[Opening "English opening"]
[ECO "A20"]
[NIC "EO.24"]
[Time "17:30:32"]
[TimeControl "300+3"]

1. c4 e5 2. g3 Nf6 3. Bg2 Nc6 4. Nc3 Bc5 5. e3 d6 6. Nge2 Bg4 7. h3 Bh5 8.
g4 Bg6 9. d4 exd4 10. exd4 Bb4 11. d5 Bxc3+ 12. Nxc3 Ne7 13. O-O h6 14. Be3
O-O 15. Bd4 Re8 16. Qd2 Nh7 17. f4 f5 18. Rae1 Qd7 19. g5 hxg5 20. fxg5 b6
21. Ne2 Nc8 22. Nf4 Nxg5 23. Nxg6 Ne4 24. Qf4 Ne7 25. Nxe7+ Rxe7 26. Qxf5
Qxf5 27. Rxf5 Rae8 28. b3 Ng3 29. Rxe7 Rxe7 30. Rf2 Ne2+ 31. Rxe2 Rxe2 32.
a4 Rd2 33. Bf2 Rb2 34. a5 Rxb3 35. axb6 cxb6 36. Bf1 a5 37. Bd4 a4 38. Kf2
a3 39. Be2 a2 40. Bd1 Rb1 41. Bc2 a1=Q 42. Bxa1 Rxa1 43. Ke3 Ra2 44. Bf5 Kf8
45. Kd4 Ke7 46. Kc3 Kf6 47. Be6 g5 48. Kb3 Re2 49. Kb4 Ke5 50. Kc3 Re3+ 51.
Kb4 Kd4 52. Kb5 Rb3+ 53. Kc6 Ke5 54. Bg4 Rb4 55. Be2 Rb3 56. Bg4 Rc3 57.
Kxb6 Rxc4 58. Be6 Rc5 {White resigns} 0-1

[Event "ICC tourney 2545 (5 3)"]
[Site "Internet Chess Club"]
[Date "2021.04.11"]
[Round "9"]
[White "pokerram"]
[Black "Rickyb"]
[Result "0-1"]
[ICCResult "White resigns"]
[WhiteElo "1241"]
[BlackElo "2145"]
[Opening "Sicilian: Najdorf, Zagreb (fianchetto) variation"]
[ECO "B91"]
[NIC "SI.14"]
[Time "17:30:05"]
[TimeControl "300+3"]

1. e4 c5 2. Nf3 d6 3. d4 cxd4 4. Nxd4 Nf6 5. Nc3 a6 6. g3 e5 7. Nde2 Be6 8.
Bg2 Nbd7 9. O-O b5 10. a3 Rc8 11. Bg5 Be7 12. Bxf6 Nxf6 13. Nd5 Nxd5 14.
exd5 Bf5 15. c3 Bg6 16. f4 exf4 17. Nxf4 O-O 18. Nxg6 hxg6 19. Qg4 Bf6 20.
Be4 Rc4 21. Qf3 a5 22. Bd3 Rc5 23. Rae1 Qa8 24. Be4 b4 25. cxb4 axb4 26.
axb4 Rb5 27. Qb3 Qb7 28. Rxf6 gxf6 29. Qd3 Kg7 30. Rf1 Rxb4 31. Bg2 Qb6+ 32.
Kh1 Qd4 33. Qf3 Rxb2 34. h4 Rc8 35. h5 Rc3 36. Qf4 Qxf4 37. gxf4 Rcc2 38.
hxg6 Rxg2 {White resigns} 0-1

[Event "ICC tourney 2545 (5 3)"]
[Site "Internet Chess Club"]
[Date "2021.04.11"]
[Round "9"]
[White "BIRDSMAN"]
[Black "Z3N"]
[Result "0-1"]
[ICCResult "White forfeits on time"]
[WhiteElo "1206"]
[BlackElo "1514"]
[Opening "Queen's pawn game"]
[ECO "D04"]
[NIC "QP.06"]
[Time "17:30:22"]
[TimeControl "300+3"]

1. d4 Nf6 2. Nf3 d5 3. e3 c5 4. c3 Nc6 5. Bd3 Bg4 6. Nbd2 e5 7. dxe5 Nxe5 8.
Be2 Bd6 9. Nxe5 Bxe2 10. Qxe2 Bxe5 11. Qb5+ Nd7 12. Nf3 Bf6 13. O-O O-O 14.
Rd1 a6 15. Qe2 Nb6 16. e4 Re8 17. e5 Qe7 18. Bf4 Rad8 19. Qe3 Qd7 20. Qxc5
Na4 21. Qd4 Be7 22. c4 Bc5 23. Qd2 d4 24. b4 Ba7 25. Rac1 Qe7 26. Bg5 f6 27.
exf6 gxf6 28. Re1 Qf7 29. Bf4 Nc3 {White forfeits on time} 0-1

[Event "ICC tourney 2545 (5 3)"]
[Site "Internet Chess Club"]
[Date "2021.04.11"]
[Round "9"]
[White "Dingsparov"]
[Black "BK10"]
[Result "1/2-1/2"]
[ICCResult "Game drawn by mutual agreement"]
[WhiteElo "1609"]
[BlackElo "1582"]
[Opening "Scandinavian (center counter) defense"]
[ECO "B01"]
[NIC "VO.17"]
[Time "17:30:27"]
[TimeControl "300+3"]

1. e4 d5 2. exd5 Qxd5 3. Nf3 a6 4. d4 b5 5. Bd3 Bg4 6. c3 Bxf3 7. Qxf3 Qxf3
8. gxf3 Nd7 9. Nd2 Ngf6 10. Ne4 e6 11. Bg5 Be7 12. Bf4 Nd5 13. Bd2 c5 14.
dxc5 Nxc5 15. Nxc5 Bxc5 16. Be4 O-O-O 17. a4 f5 18. Bc2 Kb7 19. axb5 axb5
20. Bg5 Ra8 21. O-O h6 22. Bd2 Rxa1 23. Rxa1 Ra8 24. Rxa8 Kxa8 25. Kf1 Kb7
26. Ke2 Bd6 27. h3 Nf4+ 28. Bxf4 Bxf4 29. Bb3 e5 30. c4 Kb6 31. cxb5 Kxb5
32. Be6 Bc1 33. b3 g6 34. Kd1 Bb2 35. Kc2 Bd4 36. Bf7 g5 37. Bg6 f4 38. Bd3+
Kb6 39. Be4 Bxf2 40. Kd3 Kc5 41. Bf5 Kb4 42. Be6 Be1 43. Ke4 Bc3 44. Kf5 Kc5
45. Kg6 e4 46. fxe4 f3 47. Bc4 Kd4 48. Kxh6 Bd2 49. Kh5 Kxe4 50. Kg4 f2 51.
b4 Bxb4 52. Kxg5 Kf3 53. h4 Be7+ 54. Kh5 Kg3 55. Bf1 Bxh4 56. Kg6 Bd8 57.
Bc4 Kg2 58. Kf5 Kf3 59. Bf1 Ke3 60. Kg4 Ba5 61. Kg3 Be1 62. Kg2 Kd2 63. Bc4
Kc3 64. Bf1 Kd2 65. Ba6 Ke3 66. Bf1 Kf4 67. Ba6 Ke5 68. Bf1 Kd4 69. Be2 Ke3
70. Ba6 Kd4 71. Bf1 Kc3 72. Ba6 Kd2 73. Bf1 Ke3 74. Ba6 Kd2 75. Kf1 Kc3 76.
Be2 {Game drawn by mutual agreement} 1/2-1/2

[Event "ICC tourney 2545 (5 3)"]
[Site "Internet Chess Club"]
[Date "2021.04.11"]
[Round "9"]
[White "Champi"]
[Black "saisiva765"]
[Result "1/2-1/2"]
[ICCResult "Game drawn by repetition"]
[WhiteElo "2374"]
[BlackElo "1862"]
[Opening "Queen's pawn game"]
[ECO "D02"]
[NIC "QP.08"]
[Time "17:30:49"]
[TimeControl "300+3"]

1. d4 d5 2. Nf3 Bf5 3. c4 e6 4. Nc3 Nf6 5. Bg5 c6 6. Qb3 Qb6 7. c5 Qxb3 8.
axb3 Nbd7 9. b4 Ne4 10. Nxe4 dxe4 11. Nd2 e5 12. Be3 Be7 13. h3 Bf6 14. dxe5
Bxe5 15. g4 Be6 16. Nxe4 Bxb2 17. Rb1 Ba3 18. Bg2 Ba2 19. O-O Bxb1 20. Rxb1
a5 21. bxa5 O-O 22. Rxb7 Ne5 23. Nd2 Rxa5 24. Bd4 f6 25. Nb3 Ra6 26. Rb6
Rfa8 27. f4 Ng6 28. Bxc6 Nxf4 29. Bxa8 Rxa8 30. e3 Nxh3+ 31. Kg2 Ng5 32. c6
Bd6 33. Bc5 Ra2+ 34. Kf1 Bg3 35. Rb7 Ne4 36. c7 Rf2+ 37. Ke1 Rb2+ 38. Kf1
Bxc7 39. Rxc7 Rxb3 40. Rc8+ Kf7 41. Rc7+ Kg6 42. Bf8 Kg5 43. Rxg7+ Kh4 44.
Rxh7+ Kxg4 45. Ke2 Kf5 46. Rh5+ Kg4 47. Rh7 Kf5 48. Rh5+ Kg4 49. Rh7
{Game drawn by repetition}
1/2-1/2

[Event "ICC tourney 2545 (5 3)"]
[Site "Internet Chess Club"]
[Date "2021.04.11"]
[Round "9"]
[White "sakharov"]
[Black "pribi1978"]
[Result "0-1"]
[ICCResult "White forfeits on time"]
[WhiteElo "1455"]
[BlackElo "1629"]
[Opening "English: three knights system"]
[ECO "A27"]
[NIC "EO.21"]
[Time "17:30:40"]
[TimeControl "300+3"]

1. c4 e5 2. Nc3 Nc6 3. Nf3 f5 4. g3 e4 5. Nh4 g6 6. d3 exd3 7. exd3 Bg7 8.
Bg2 Nge7 9. O-O O-O 10. Be3 Nd4 11. Nf3 Ne6 12. Qd2 Qe8 13. Bh6 Qf7 14. Bxg7
Qxg7 15. d4 c6 16. d5 Nc5 17. b4 Ne4 18. Nxe4 fxe4 19. Ng5 e3 20. fxe3 Nf5
21. e4 Nd6 22. Rxf8+ Qxf8 23. Rf1 Qg7 24. Qf2 Nxc4 25. Qf7+ Qxf7 26. Nxf7 d6
{White forfeits on time}
0-1

[Event "ICC tourney 2545 (5 3)"]
[Site "Internet Chess Club"]
[Date "2021.04.11"]
[Round "9"]
[White "sandeep3345"]
[Black "FootstepsOfDawn"]
[Result "1-0"]
[ICCResult "Black resigns"]
[WhiteElo "1268"]
[BlackElo "986"]
[Opening "Two knights defense (Modern bishop's opening)"]
[ECO "C55"]
[NIC "IG.01"]
[Time "17:30:13"]
[TimeControl "300+3"]

1. e4 e5 2. Nf3 Nc6 3. Bc4 Nf6 4. d3 h6 5. O-O Bc5 6. h3 O-O 7. Nc3 d6 8. a3
a6 9. Nd5 Be6 10. Nxf6+ Qxf6 11. Kh1 Bxc4 12. dxc4 Rad8 13. b3 Nd4 14. Nxd4
Bxd4 15. Rb1 Bxf2 16. Be3 Qh4 17. Bxf2 Qxe4 18. Bg3 f5 19. Re1 Qc6 20. Qh5
f4 21. Bh4 Rde8 22. Qg6 f3 23. Qe4 fxg2+ 24. Kxg2 Qc5 25. Re3 Rf4 26. Qxf4
exf4 27. Rxe8+ Kh7 28. Rbe1 Qf5 29. Kh2 Qxc2+ 30. R1e2 Qxb3 31. R8e7 Qxc4
32. Rg2 Qd4 33. Bf2 Qf6 34. Rxc7 f3 35. Rg4 Qe5+ 36. Kh1 d5 37. Bd4 Qe1+ 38.
Rg1 f2 39. Rxg7+ Kh8 40. Re7+ {Black resigns} 1-0

[Event "ICC tourney 2545 (5 3)"]
[Site "Internet Chess Club"]
[Date "2021.04.11"]
[Round "9"]
[White "GYMEJR"]
[Black "marinaxiao"]
[Result "1-0"]
[ICCResult "Black resigns"]
[WhiteElo "1515"]
[BlackElo "1376"]
[Opening "Queen's pawn: London system"]
[ECO "A45"]
[NIC "QP.07"]
[Time "17:30:52"]
[TimeControl "300+3"]

1. d4 Nf6 2. Bf4 g6 3. c4 Bg7 4. Nc3 d6 5. e4 Nbd7 6. Nf3 e5 7. dxe5 dxe5 8.
Bg5 h6 9. Bh4 g5 10. Bg3 Qe7 11. Nd5 Nxd5 12. cxd5 Nc5 13. Bb5+ Bd7 14.
Bxd7+ Nxd7 15. Qa4 O-O 16. Rc1 Nb6 17. Qb3 Kh8 18. Rc3 f5 19. exf5 Rxf5 20.
Nd2 Rd8 21. O-O Nxd5 22. Rd3 Nb6 23. Ne4 Rxd3 24. Qxd3 Rf8 25. Rd1 Qb4 26.
h4 gxh4 27. Bxh4 Qxb2 28. Be7 Re8 29. Bf6 Qd4 30. Bxg7+ Kxg7 31. Qg3+ Kh8
32. Rxd4 exd4 33. Nf6 Rf8 34. Qg6 Rxf6 35. Qxf6+ Kh7 36. Qxd4 {Black
resigns} 1-0

[Event "ICC tourney 2545 (5 3)"]
[Site "Internet Chess Club"]
[Date "2021.04.11"]
[Round "9"]
[White "Jude"]
[Black "Radja"]
[Result "0-1"]
[ICCResult "White resigns"]
[WhiteElo "1679"]
[BlackElo "2128"]
[Opening "Sicilian: Kan, Maróczy bind (Réti variation)"]
[ECO "B41"]
[NIC "SI.41"]
[Time "17:30:49"]
[TimeControl "300+3"]

1. e4 c5 2. Nf3 e6 3. d4 cxd4 4. Nxd4 a6 5. c4 Qc7 6. Nc3 Nf6 7. Be2 Bb4 8.
Qc2 Nc6 9. Be3 O-O 10. O-O Bd6 11. f4 Nxd4 12. Bxd4 Bxf4 13. Rxf4 Qxf4 14.
Rf1 Qh6 15. e5 Nh5 16. Qe4 f5 17. Qf3 g6 18. Qh3 b5 19. cxb5 Bb7 20. b6 Rac8
21. a4 Qd2 22. Be3 Qxb2 23. Bd4 Rxc3 24. Bxh5 Rxh3 25. Bxb2 Rxh5 26. Rc1 Rc8
27. Rc7 Rxc7 28. bxc7 {White resigns} 0-1

[Event "ICC tourney 2545 (5 3)"]
[Site "Internet Chess Club"]
[Date "2021.04.11"]
[Round "9"]
[White "jmpe"]
[Black "Chaos23"]
[Result "0-1"]
[ICCResult "White resigns"]
[WhiteElo "1618"]
[BlackElo "1888"]
[Opening "English, Kramnik-Shirov counterattack"]
[ECO "A21"]
[NIC "EO.23"]
[Time "17:31:09"]
[TimeControl "300+3"]

1. c4 e5 2. Nc3 Bb4 3. g3 Bxc3 4. bxc3 Nf6 5. Ba3 b6 6. Bg2 c6 7. Qb3 d6 8.
d3 O-O 9. Nf3 Re8 10. O-O Bb7 11. c5 dxc5 12. Bxc5 Na6 13. Ba3 Qd7 14. Rad1
c5 15. d4 cxd4 16. cxd4 e4 17. Ne5 Qd5 18. Qa4 Nc7 19. Rc1 Ne6 20. e3 Qxa2
21. Rc2 Qd5 22. Rfc1 h5 23. Nc6 Kh7 24. Ne7 Qd8 25. d5 Nc5 26. Bxc5 bxc5 27.
Bxe4+ Nxe4 28. Qxe4+ g6 29. Qh4 Qxe7 {White resigns} 0-1

[Event "ICC tourney 2545 (5 3)"]
[Site "Internet Chess Club"]
[Date "2021.04.11"]
[Round "9"]
[White "rj1234"]
[Black "Schlomo"]
[Result "1-0"]
[ICCResult "Black resigns"]
[WhiteElo "2021"]
[BlackElo "1981"]
[Opening "Caro-Kann: two knights variation"]
[ECO "B10"]
[NIC "CK.01"]
[Time "17:30:49"]
[TimeControl "300+3"]

1. e4 c6 2. Nf3 d5 3. Nc3 dxe4 4. Nxe4 Nf6 5. Qe2 Nxe4 6. Qxe4 Qd5 7. Qh4 e6
8. Bc4 Be7 9. Qg4 Qf5 10. Qxg7 Bf6 11. Qh6 Rg8 12. Bd3 Bg7 13. Qh4 Qf6 14.
Qxh7 Rh8 15. Qe4 Nd7 16. Be2 Nc5 17. Qe3 b6 18. d4 Nd7 19. Qe4 Bb7 20. Bg5
Qf5 21. Qxf5 exf5 22. Bd3 c5 23. O-O-O Bxf3 24. gxf3 Bxd4 25. Bxf5 f6 26.
Bxd7+ Kxd7 27. Bxf6 Rh3 28. c3 Ke6 29. Bxd4 cxd4 30. Rxd4 Rah8 31. Re1+ Kf5
32. Re7 Rxh2 33. Rxa7 Rxf2 34. Rd2 Rxf3 35. Rf7+ Ke4 36. Rd4+ Ke3 37. Rxf3+
Kxf3 38. a4 Ke3 39. Kc2 {Black resigns} 1-0

[Event "ICC tourney 2545 (5 3)"]
[Site "Internet Chess Club"]
[Date "2021.04.11"]
[Round "9"]
[White "byumitchell"]
[Black "architect22"]
[Result "1-0"]
[ICCResult "Black resigns"]
[WhiteElo "1228"]
[BlackElo "1301"]
[Opening "Sicilian defense"]
[ECO "B32"]
[NIC "SI.32"]
[Time "17:31:18"]
[TimeControl "300+3"]

1. e4 c5 2. Nf3 Nc6 3. d4 cxd4 4. Nxd4 d6 5. Bc4 e6 6. Bb3 a6 7. f3 Nf6 8.
Nc3 g6 9. Be3 Bg7 10. Nxc6 bxc6 11. Qd2 O-O 12. O-O-O Ne8 13. Bh6 Bd7 14.
Bxg7 Kxg7 15. h4 h5 16. g4 hxg4 17. fxg4 e5 18. h5 Bxg4 19. Rdg1 Bf3 20. Rh2
Rh8 21. hxg6 Rxh2 22. Qxh2 fxg6 23. Qg3 Qf6 24. Rf1 Nc7 25. Rxf3 Qe7 26.
Rf7+ Qxf7 27. Bxf7 Kxf7 28. Qf3+ Kg7 29. Qg4 Rf8 30. Qd7+ Rf7 31. Qxd6 Ne8
32. Qxe5+ Kf8 33. Qc5+ Kg7 34. Qxc6 Nc7 35. Nd5 Nb5 36. Qxa6 Nd4 37. c3 Nf3
38. b4 Ng5 39. e5 Kh6 40. e6 {Black resigns} 1-0

[Event "ICC tourney 2545 (5 3)"]
[Site "Internet Chess Club"]
[Date "2021.04.11"]
[Round "9"]
[White "Rsalvio"]
[Black "IAlwaysWin"]
[Result "1-0"]
[ICCResult "Black resigns"]
[WhiteElo "1486"]
[BlackElo "1570"]
[Opening "French defense, Steiner variation"]
[ECO "C00"]
[NIC "FR.01"]
[Time "17:31:04"]
[TimeControl "300+3"]

1. e4 e6 2. c4 c5 3. Nc3 Nc6 4. Nge2 g6 5. g3 Bg7 6. Bg2 Nge7 7. d3 O-O 8.
O-O b6 9. Bg5 h6 10. Be3 Nd4 11. Qd2 Kh7 12. e5 Rb8 13. Nxd4 cxd4 14. Bxd4
Nf5 15. Qf4 d6 16. exd6 Nxd4 17. b4 e5 18. Qd2 Qxd6 19. Ne4 Qc7 20. c5 Bb7
21. Rac1 f5 22. c6 Ba6 23. Nc3 f4 24. b5 Bc8 25. Nd5 Qd6 26. Be4 f3 27. c7
Rb7 28. Rc6 Qd7 29. Rxg6 Nf5 30. Rc6 Kh8 31. Rfc1 Qf7 32. Bxf5 Qxf5 33.
Rxh6+ Bxh6 34. Qxh6+ Qh7 35. Qxf8+ Qg8 36. Qxg8+ Kxg8 37. Ne7+ {Black
resigns} 1-0

[Event "ICC tourney 2545 (5 3)"]
[Site "Internet Chess Club"]
[Date "2021.04.11"]
[Round "9"]
[White "willzen89"]
[Black "Jaburu"]
[Result "1-0"]
[ICCResult "Black resigns"]
[WhiteElo "1852"]
[BlackElo "1649"]
[Opening "QGD Slav: exchange variation"]
[ECO "D13"]
[NIC "SL.02"]
[Time "17:30:07"]
[TimeControl "300+3"]

1. d4 Nf6 2. Nf3 c5 3. c3 cxd4 4. cxd4 d5 5. Nc3 Nc6 6. Bf4 a6 7. e3 g6 8.
Rc1 Bg7 9. Bd3 O-O 10. O-O Bg4 11. h3 Bd7 12. Na4 Nh5 13. Bh2 b6 14. Qe2 Nb4
15. Bb1 Rc8 16. Nc3 e6 17. a3 Nc6 18. Qxa6 Na5 19. Qe2 Nc4 20. Bd3 b5 21.
Rfd1 Qe7 22. Nb1 Bc6 23. Ne5 Nxe5 24. Bxe5 Bxe5 25. dxe5 Qd7 26. Nc3 Rb8 27.
Na2 Ng7 28. Nb4 Ba8 29. Rc5 Rfc8 30. Rdc1 Rxc5 31. Rxc5 Nf5 32. Bxb5 Qa7 33.
Qc2 Kg7 34. Rc7 Qb6 35. Bd3 d4 36. e4 Nh4 37. f3 g5 38. Qc5 Qxc5 39. Rxc5
Ng6 40. Kf2 Nf4 41. Rc7 h5 42. Bf1 Ng6 43. Rc5 g4 44. hxg4 hxg4 45. Kg3 gxf3
46. gxf3 Rh8 47. Bg2 Rh5 48. Nd3 Bb7 49. Kf2 Ba6 50. Nb4 Bb7 51. a4 Nxe5 52.
Kg3 Rg5+ 53. Kh3 Rh5+ 54. Kg3 d3 55. Nxd3 Rg5+ 56. Kh2 Rxg2+ 57. Kxg2 Nxd3
58. Rb5 Ba6 59. Rb6 Bc4 60. b4 Nf4+ 61. Kg3 e5 62. a5 Ne2+ 63. Kf2 Nd4 64.
a6 Ne6 65. a7 Nc7 66. Rb7 Na8 67. Rb8 Nc7 68. a8=Q Nxa8 69. Rxa8 Kg6 70. Rb8
f5 71. b5 Kg5 72. b6 Kf4 73. exf5 Kxf5 74. Rf8+ Ke6 75. b7 {Black resigns}
1-0

[Event "ICC tourney 2545 (5 3)"]
[Site "Internet Chess Club"]
[Date "2021.04.11"]
[Round "9"]
[White "volver"]
[Black "ROWLAND"]
[Result "1-0"]
[ICCResult "Black checkmated"]
[WhiteElo "1382"]
[BlackElo "1535"]
[Opening "Queen's pawn game"]
[ECO "D04"]
[NIC "QP.06"]
[Time "17:29:57"]
[TimeControl "300+3"]

1. d4 Nf6 2. Nf3 d5 3. e3 g6 4. Bd3 Bg7 5. Nbd2 O-O 6. O-O c5 7. c3 Nc6 8.
h3 Bf5 9. Bxf5 gxf5 10. Qc2 Ne4 11. Ne1 e6 12. Nxe4 fxe4 13. f3 exf3 14.
Nxf3 Kh8 15. Bd2 f5 16. Rf2 Rc8 17. Qd3 Qf6 18. Qb5 b6 19. a4 e5 20. Raf1 e4
21. Ne1 Ne7 22. a5 Qg6 23. a6 Bh6 24. Qd7 Rf7 25. Qxa7 Ng8 26. Qxf7 Qxf7 27.
Rxf5 Qg6 28. Rf7 Bg7 29. a7 Nf6 30. Rb7 Qe8 31. g4 Qc6 32. Rb8 h6 33. Ng2
Nd7 34. a8=Q Nxb8 35. Qxc6 Nxc6 36. Nf4 Ra8 37. Nxd5 cxd4 38. cxd4 Ra5 39.
Nc3 Nxd4 40. exd4 Bxd4+ 41. Kg2 e3 42. Bc1 Re5 43. Kf3 Kg7 44. Re1 b5 45.
Bxe3 Bxe3 46. Rxe3 Rxe3+ 47. Kxe3 b4 48. Nd5 b3 49. Kd3 Kg6 50. Kc3 Kg5 51.
Kxb3 Kh4 52. Nf4 Kg3 53. Nh5+ Kxh3 54. Nf6 Kh4 55. Kc4 Kg5 56. Ne4+ Kxg4 57.
b4 h5 58. b5 h4 59. b6 h3 60. Nf2+ Kg3 61. Nxh3 Kxh3 62. b7 Kh2 63. b8=Q+
Kg2 64. Qf8 Kg3 65. Qf5 Kg2 66. Qf4 Kg1 67. Qf3 Kh2 68. Qg4 Kh1 69. Kd3 Kh2
70. Ke2 Kh1 71. Kf2 Kh2 72. Qg2# {Black checkmated} 1-0

[Event "ICC tourney 2545 (5 3)"]
[Site "Internet Chess Club"]
[Date "2021.04.11"]
[Round "9"]
[White "TheOrcaPro"]
[Black "vassily1666"]
[Result "0-1"]
[ICCResult "White resigns"]
[WhiteElo "1554"]
[BlackElo "1669"]
[Opening "Caro-Kann: advance variation"]
[ECO "B12"]
[NIC "CK.04"]
[Time "17:31:09"]
[TimeControl "300+3"]

1. e4 c6 2. d4 d5 3. e5 Bf5 4. Bd3 Bxd3 5. Qxd3 e6 6. f4 Ne7 7. Nf3 Nf5 8.
Nc3 Be7 9. O-O Nd7 10. Bd2 a6 11. a3 O-O 12. Ne2 c5 13. c3 Rc8 14. Rac1 b5
15. b4 c4 16. Qc2 a5 17. Ra1 Ra8 18. Rfb1 axb4 19. axb4 Nb6 20. Ra5 Qd7 21.
Rba1 Rxa5 22. Rxa5 Na4 23. Qa2 Qb7 24. Rxa4 bxa4 25. Qxa4 Ra8 26. Qc2 Ra1+
27. Kf2 Qa8 28. b5 Qa2 29. Qxa2 Rxa2 30. b6 Rb2 31. g4 Nh4 32. Nxh4 Bxh4+
33. Ke3 Rxb6 34. g5 Rb2 35. Ng1 Bf2+ 36. Kxf2 Rxd2+ 37. Ke3 Rd3+ 38. Ke2
Rxc3 39. Nf3 Kf8 40. h4 Ke7 41. h5 Ra3 42. h6 gxh6 43. gxh6 Ra2+ 44. Kd1 Rf2
{White resigns}
0-1

[Event "ICC tourney 2545 (5 3)"]
[Site "Internet Chess Club"]
[Date "2021.04.11"]
[Round "9"]
[White "justinchess"]
[Black "sorrym8"]
[Result "0-1"]
[ICCResult "White forfeits on time"]
[WhiteElo "2133"]
[BlackElo "2071"]
[Opening "QGD: classical variation (5.Bf4)"]
[ECO "D37"]
[NIC "QO.04"]
[Time "17:30:32"]
[TimeControl "300+3"]

1. d4 Nf6 2. c4 e6 3. Nf3 d5 4. Nc3 Be7 5. Bf4 O-O 6. e3 Nbd7 7. a3 c6 8.
Qc2 dxc4 9. Bxc4 Nb6 10. Bd3 Nbd5 11. Bg3 Nxc3 12. bxc3 c5 13. O-O b6 14. a4
Bb7 15. a5 Qc8 16. Rfb1 c4 17. Be2 Be4 18. Qa2 Bxb1 19. Rxb1 Nd5 20. Qc2
bxa5 21. e4 Nb6 22. h4 a4 23. h5 a3 24. h6 g6 25. Qd2 Na4 26. Ra1 Nb2 27.
Ne5 f6 28. Ng4 a5 29. e5 f5 30. Nf6+ Bxf6 31. exf6 Rxf6 32. Be5 Rf7 33. Rxa3
Rb7 34. d5 Qd7 35. d6 Rab8 36. Qg5 Rf8 37. Rxa5 Nd3 38. Bxd3 cxd3 39. c4 Qc6
40. c5 Qe4 41. Bf4 Qe1+ 42. Kh2 Qxa5 43. c6 Rbf7 44. c7 Qd5 45. Qg3 e5 46.
Bxe5 f4 47. Qg5 Rf5 48. Qe7 Qxe5 49. Qxe5 Rxe5 50. d7 Rd5 51. c8=Q d2
{White forfeits on time}
0-1

[Event "ICC tourney 2545 (5 3)"]
[Site "Internet Chess Club"]
[Date "2021.04.11"]
[Round "9"]
[White "Colchester"]
[Black "Moncu"]
[Result "0-1"]
[ICCResult "White resigns"]
[WhiteElo "1652"]
[BlackElo "2261"]
[Opening "Sicilian defense"]
[ECO "B40"]
[NIC "SI.43"]
[Time "17:30:34"]
[TimeControl "300+3"]

1. e4 c5 2. Nf3 e6 3. c4 Nc6 4. d4 cxd4 5. Nxd4 Nf6 6. Nc3 Bb4 7. Nxc6 bxc6
8. Bd3 d5 9. cxd5 exd5 10. exd5 Nxd5 11. O-O O-O 12. Nxd5 cxd5 13. Qf3 Be6
14. Be3 a5 15. Bd4 Qh4 16. Be5 Be7 17. Rac1 Rfc8 18. a3 Qg5 19. Bf4 Qf6 20.
Qe3 Qxb2 21. Be5 Qxa3 22. Rxc8+ Rxc8 23. Qg3 Bf8 24. Bxg7 Bxg7 25. Bxh7+
Kxh7 26. Qxa3 Bc3 27. Qe7 d4 28. Qh4+ Kg7 29. Qg5+ Kf8 30. Qh6+ Ke8 31. f4
d3 32. f5 Bc4 33. Qe3+ Kd7 34. f6 Kc6 35. Rf4 Bb5 36. Qe4+ Kb6 37. Rf5 d2
38. Qe3+ Ka6 39. Rd5 Bb4 40. h4 Rc1+ 41. Kh2 d1=Q 42. Rxd1 Rxd1 43. g4 Rd2+
44. Kg3 Rd3 {White resigns} 0-1